 Dungeon Crawl Stone Soup version 0.18-a0-1577-gf591c28 (webtiles) character file.

2867 M4edhros the Covert (level 9, -3/53 HPs)
             Began as an Octopode Artificer on Mar 19, 2016.
             Slain by a large abomination (10 damage)
             ... on level 1 of the Abyss.
             The game lasted 00:16:18 (6894 turns).

M4edhros the Covert (Octopode Artificer)            Turns: 6894, Time: 00:16:19

Health: -3/53      AC: 10    Str: 13    XL:     9   Next: 75%
Magic:  0/11       EV: 19    Int: 14    God:    Xom [...*..]
Gold:   453        SH:  0    Dex: 15    Spells: 0 memorised, 8 levels left

rFire  + . .     SeeInvis .     m - +2 morningstar (protect)
rCold  . . .     Gourm    .     (no shield)
rNeg   . . .     Faith    .     (helmet restricted)
rPois  .         Spirit   +     C - amulet of guardian spirit
rElec  .         Dismiss  .     (no ring)
rCorr  .         Reflect  .     (no ring)
SustAt .         Harm     .     (no ring)
MR     .....                    (no ring)
Stlth  ++++++++..               (no ring)
                                (no ring)
                                (no ring)
                                (no ring)

@: mighty, about to teleport, not resistant to hostile enchantments,
extraordinarily stealthy
A: almost no armour, amphibious, 8 rings, constrict 8, rough black scales 1,
camouflage 1, fire resistance 1, weak 1, gelatinous body 1
a: Renounce Religion


You were on level 1 of the Abyss.
You worshipped Xom.
You were a favourite toy of Xom.
You were hungry.

You visited 2 branches of the dungeon, and saw 9 of its levels.
You visited the Abyss 1 time.

You collected 453 gold pieces.

Inventory:

Hand Weapons
 a - a +0 short sword
 g - a +0 hunting sling
 m - a +2 morningstar of protection (weapon)
 p - a +0 long sword of protection
 y - a +1 battleaxe of electrocution
Missiles
 i - 207 stones (quivered)
 q - 43 sling bullets
Jewellery
 C - an amulet of guardian spirit (around mantle)
Wands
 b - a wand of flame (14/48)
 c - a wand of enslavement (13/24)
 d - a wand of random effects (13/48)
 G - a wand of digging (9/24)
 H - a wand of enslavement (9/24)
Scrolls
 h - 5 scrolls of remove curse
 k - 5 scrolls of magic mapping
 n - a scroll of enchant armour
 o - a scroll of random uselessness
 r - 4 scrolls of teleportation
 u - 2 scrolls of fog
 B - a scroll of identify
 I - a scroll of enchant weapon {unknown}
Potions
 e - a potion of cure mutation
 v - a potion of brilliance
 w - a potion of magic
Books
 s - a Necronomicon

   Spells                             Type                      Level
   a - Haunt                          Necromancy/Summoning         7
   b - Borgnjor's Revivification      Necromancy                   8
   c - Death's Door                   Charms/Necromancy            8
   d - Necromutation                  Transmutation/Necromancy     8
Comestibles
 f - 10 bread rations
 l - a beef jerky
 t - 8 fruits
 x - a royal jelly
 z - 6 meat rations
 E - a slice of pizza


   Skills:
 - Level 1.0 Fighting
 - Level 1.0 Short Blades
 * Level 4.3 Slings
 + Level 10.7 Dodging
 + Level 14.5 Stealth
 - Level 3.2 Evocations


You had 8 spell levels left.
You didn't know any spells.

Dungeon Overview and Level Annotations

Branches:
Dungeon (8/15)             Temple (1/1) D:4
   Lair: D:8-11

Altars:
Ashenzari
Cheibriados
Dithmenos
Elyvilon
Gozag
Makhleb
Nemelex Xobeh
Okawaru
Pakellas
Qazlal
Ru
Sif Muna
Trog
Vehumet
Xom
Yredelemnul
Zin
The Shining One

Shops:
D:4 (   D:5 (   D:7 (

Annotations:
D:8 exclusion: hill giant, Erolcha


Innate Abilities, Weirdness & Mutations

You cannot wear most types of armour.
You are amphibious.
You can wear up to eight rings at the same time.
You can use your tentacles to constrict eight enemies at once.
Your skin changes colour to match your surroundings (Stealth).
Your rubbery body absorbs attacks (AC +1).
You are partially covered in rough black scales (AC +4, Dex -1).
Your flesh is heat resistant.
You are weak. (Str -2)


Message History

The large abomination closely misses you.
A starspawn tentacle comes into view.
Read which item? (? for menu, Esc to quit)
Okay, then.
Evoke which item? (* to show all) (? for menu, Esc to quit)
Okay, then.
You puncture the large abomination!
The large abomination is heavily damaged.
The large abomination hits you!
The large abomination barely misses you. x2
Unknown command.
Drink which item? (? for menu, Esc to quit)
Okay, then.
You closely miss the large abomination.
The large abomination is heavily damaged.
The large abomination hits you!
* * * LOW HITPOINT WARNING * * *
The large abomination hits you!
You die...
Xom giggles madly!

##...## ...###.. #
A# ..
.#.....#.....# ..
.... .. .......X..
.... ........ . .
...................
...
...#?....#ww...#...
.#.. . #.....
###X###..#..... #
..# .? #XX# .....
..# #..#
#@###..#... .. #
### #####..# .. # .
... # . . ## .....#
# . #.. ## .#...##
#. . # .### . # #.
#. ..# .


You could see a tentacled starspawn, 2 large abominations and 2 starspawn
tentacles.

Vanquished Creatures
  Sigmund (D:4)
  2 steam dragons
  Menkaure (D:5)
  Edmund (D:5)
  An ice beast (D:6)
  6 ogres
  4 centaurs
  3 giant frogs
  A worker ant (D:5)
  A howler monkey (D:5)
  2 crimson imps
  2 centaur zombies (D:7)
  A hound (D:4)
  2 centaur skeletons
  A giant frog skeleton (D:8)
  2 iguanas
  A hound skeleton (D:6)
  16 adders
  A shadow imp (D:6)
  4 worms
  3 dart slugs
  3 giant geckos
  4 orcs
  4 giant cockroaches
  19 goblins
  7 hobgoblins
  11 jackals
  4 quokkas
  7 bats
  A giant gecko skeleton (D:4)
  3 giant newts
  6 kobolds
  A quokka skeleton (D:5)
  7 rats
133 creatures vanquished.

Vanquished Creatures (collateral kills)
  A small abomination (Abyss:1)
  A scorpion (D:5)
  A giant gecko skeleton (D:4)
3 creatures vanquished.

Vanquished Creatures (others)
  A starspawn tentacle segment (Abyss:1)
1 creature vanquished.

Grand Total: 137 creatures vanquished

Notes
Turn   | Place    | Note
--------------------------------------------------------------
     0 | D:1      | M4edhros the Octopode Artificer began the quest for the Orb.
     0 | D:1      | Reached XP level 1. HP: 13/13 MP: 3/3
    75 | D:1      | Reached skill level 2 in Stealth
    82 | D:1      | Reached XP level 2. HP: 8/18 MP: 4/4
   563 | D:1      | Reached XP level 3. HP: 23/23 MP: 5/5
   774 | D:1      | Reached skill level 3 in Stealth
  1088 | D:2      | Found a bloodstained altar of Trog.
  1097 | D:2      | Reached XP level 4. HP: 18/28 MP: 6/6
  1224 | D:2      | Reached skill level 4 in Stealth
  1332 | D:2      | Found an iron altar of Okawaru.
  2034 | D:3      | Reached XP level 5. HP: 25/33 MP: 7/7
  2038 | D:3      | Reached skill level 5 in Stealth
  2189 | D:3      | Found a radiant altar of Vehumet.
  2391 | D:4      | Noticed Sigmund
  2401 | D:4      | Killed Sigmund
  2401 | D:4      | Reached skill level 6 in Stealth
  2401 | D:4      | Reached XP level 6. HP: 4/38 MP: 8/8
  2530 | D:4      | Reached skill level 5 in Dodging
  2530 | D:4      | Reached skill level 7 in Stealth
  2688 | D:4      | Noticed Edmund
  2718 | D:4      | Reached skill level 10 in Dodging
  2718 | D:4      | Reached skill level 13 in Stealth
  2718 | D:4      | Reached XP level 7. HP: 27/43 MP: 9/9
  2726 | D:4      | Reached XP level 8. HP: 46/48 MP: 10/10
  2769 | D:4      | Found a basalt altar of Yredelemnul.
  2963 | D:4      | Found a shadowy altar of Dithmenos.
  3078 | D:4      | Found an opulent altar of Gozag.
  3190 | D:4      | Found a staircase to the Ecumenical Temple.
  3244 | Temple   | Entered the Ecumenical Temple
  3253 | Temple   | Became a worshipper of Xom of Chaos
  3331 | D:4      | Found Xuecsim's Antique Weapon Boutique.
  3402 | D:5      | Entered Level 5 of the Dungeon
  3402 | D:5      | Noticed Menkaure
  3437 | D:5      | Found a shattered altar of Ashenzari.
  3560 | D:5      | Reached skill level 1 in Slings
  3589 | D:5      | Found Saol's Antique Weapon Boutique.
  3705 | D:5      | XOM: potion effect (berserk rage)
  3709 | D:5      | XOM: potion effect (agility)
  3712 | D:5      | XOM: harmless Necr miscast
  3718 | D:5      | Killed Edmund
  3898 | D:5      | XOM: harmless Erth miscast
  4034 | D:5      | XOM: silly message
  4201 | D:5      | XOM: silly message
  4231 | D:5      | Reached skill level 14 in Stealth
  4237 | D:5      | Killed Menkaure
  4340 | D:5      | XOM: harmless Trmt miscast
  4708 | D:5      | XOM: mild Ice miscast
  4828 | D:6      | Reached XP level 9. HP: 51/53 MP: 11/11
  5101 | D:6      | XOM: mild Ice miscast
  5183 | D:6      | Found a snail-covered altar of Cheibriados.
  5517 | D:7      | Found Qoraez's Antique Weapon Shop.
  5784 | D:7      | Found a white marble altar of Elyvilon.
  6189 | D:8      | Noticed a hill giant
  6211 | D:8      | XOM: silly message
  6238 | D:8      | XOM: silly message
  6252 | D:8      | XOM: harmless Air miscast
  6259 | D:8      | XOM: potion effect (haste)
  6306 | D:8      | XOM: harmless Summ miscast
  6312 | D:8      | XOM: blink monster(s)
  6410 | D:8      | XOM: colour smoke trail
  6434 | D:8      | Noticed Erolcha
  6450 | D:8      | Cast into level 1 of the Abyss (Erolcha)
  6485 | Abyss:1  | XOM: enchant monster (good)
  6496 | Abyss:1  | Gained mutation: You are weak. (Str -2) [potion of mutation]
  6496 | Abyss:1  | Gained mutation: You are partially covered in rough black scales (AC +4, Dex -1). [potion of mutation]
  6496 | Abyss:1  | Gained mutation: Your flesh is heat resistant. [potion of mutation]
  6629 | Abyss:1  | Noticed a large abomination
  6646 | Abyss:1  | Noticed a kraken
  6653 | Abyss:1  | Noticed an eidolon
  6654 | Abyss:1  | Noticed a hellwing
  6657 | Abyss:1  | XOM: summons 3 friendly demons
  6769 | Abyss:1  | Noticed a tentacled starspawn
  6769 | Abyss:1  | XOM: divination: detect creatures
  6773 | Abyss:1  | Noticed a bone dragon
  6796 | Abyss:1  | Noticed a wretched star
  6801 | Abyss:1  | Noticed a sun demon
  6818 | Abyss:1  | Noticed a rust devil
  6818 | Abyss:1  | XOM: divination: detect items
  6843 | Abyss:1  | Noticed a starcursed mass
  6860 | Abyss:1  | Noticed a wretched star
  6861 | Abyss:1  | Noticed a large abomination
  6870 | Abyss:1  | Noticed a profane servitor
  6870 | Abyss:1  | XOM: confuse monster(s)
  6886 | Abyss:1  | Noticed a large abomination
  6887 | Abyss:1  | XOM: summons friendly shadow imp
  6891 | Abyss:1  | Noticed a tentacled starspawn
  6894 | Abyss:1  | Slain by a large abomination

Vault maps used:
D:1:      sevenhm_arrival_forest_fort_small_4
D:2:      lemuel_crystal_altar, okawaru_metal_pillars_3, minmay_statues_item
D:3:      vehumet_crystals
D:4:      grunt_dithmenos_smoke_and_mirrors, lemuel_crystal_altar,
          minmay_temple_entry_fiery, serial_shops, shop, first_bread,
          nicolae_gozag_seed_capital, uniq_edmund, uniq_sigmund
D:5:      ashenzari_conservatory_becter, serial_shops,
          nicolae_shop_behind_doors, minmay_misc_feat_roman,
          minmay_ogre_servants, uniq_menkaure
D:6:      kennysheep_mini_moat
D:7:      kennysheep_mini, serial_shops, shop
D:8:      hangedman_little_slice_of_home, uniq_psyche, uniq_erolcha,
          uniq_prince_ribbit1
Temple:   temple_eino_lava_12
Abyss:1:  bh_abyss_exit_choice

Skill      XL: |  1  2  3  4  5  6  7  8  9 |
---------------+----------------------------+-----
Stealth        | 2 3 4 6 13 14 | 14.5
Dodging        | 3 4 10 | 10.7
Slings         | 2 4 |  4.3
Fighting       | |  1.0
Short Blades   | |  1.0
Evocations     | |  3.2

Action                   |  1- 3 |  4- 6 |  7- 9 || total
-------------------------+-------+-------+-------++-------
Melee: Short sword       |    66 |    84 |   114 ||   264
       Morningstar       |       |       |    72 ||    72
       Long sword        |       |       |    11 ||    11
       Battleaxe         |       |       |     3 ||     3
 Fire: Hunting sling     |       |       |     6 ||     6
Evoke: Wand              |       |       |     5 ||     5
  Use: Scroll            |       |     2 |    11 ||    13
       Potion            |       |     3 |     9 ||    12
 Stab: Sleeping          |    12 |    16 |    21 ||    49
  Eat: Chunk             |       |     6 |    14 ||    20
